 Dungeon Crawl Stone Soup version 0.31-a0-152-g6aa68a64a1 (webtiles) character file.

Game seed: 1951908659541176121

377 jlumianski the Ducker (level 7, -2/47 HPs)
             Began as a Djinni Fire Elementalist on June 10, 2023.
             Slain by a gnoll
             ... wielding a +0 flail
             ... led by a gnoll bouda
              (5 damage)
             ... on level 1 of the Dungeon.
             The game lasted 00:20:31 (3041 turns).

jlumianski the Ducker (Djinni Fire Elementalist)    Turns: 3041, Time: 00:20:33

Health: -2/47      AC:  4    Str: 10    XL:     7   Next: 4%
Gold:   164        EV: 13    Int: 22    God:
                   SH:  0    Dex:  9

rFire   + + .        r - +0 rapier
rCold   x . .        (no shield)
rNeg    . . .        a - +0 robe
rPois   ∞            l - +0 helmet
rElec   .            (no cloak)
rCorr   .            k - +0 pair of gloves
SInv    .            (boots unavailable)
Will    +....        (no amulet)
Stlth   ++           e - ring of willpower
HPRegen 0.27/turn    (no ring)
MPRegen 0.00/turn

%: infuse magic (-3 HP)
@: flying
A: sickness immunity, fire resistance 2, cold vulnerability 1, float, innate
caster, HP casting, extra vitality 1, clever 1, clumsy 1, strong 1
a: no special abilities


You were on level 1 of the Dungeon.
You visited 1 branch of the dungeon, and saw 4 of its levels.
You also visited: Sewer.

You collected 164 gold pieces.

Inventory:

Hand Weapons
 b - a +0 dagger
 r - a +0 rapier (weapon)
Missiles
 o - 8 poisoned darts
 v - 4 boomerangs
Armour
 a - a +0 robe (worn)
 k - a +0 pair of gloves (worn)
 l - a +0 helmet (worn)
Magical Staves
 w - a staff of death
Jewellery
 e - a ring of willpower (left hand)
Wands
 B - a wand of flame (15)
Scrolls
 c - a scroll of magic mapping {unknown}
 f - a scroll of torment
 i - a scroll of fear
 j - a scroll of noise
 q - 2 scrolls of blinking
 s - a scroll of teleportation {unknown}
 y - a scroll of silence {unknown}
 z - a scroll of immolation
 C - a scroll of fog {unknown}
Potions
 d - 4 potions of curing
 g - a potion of lignification
 h - a potion of attraction
 m - a potion of mutation
 n - a potion of haste
 p - a potion of berserk rage
 t - a potion of brilliance {unknown}
 A - a potion of cancellation {unknown}


   Skills:
 + Level 1.3 Fighting
 + Level 0.7 Short Blades
 + Level 4.8 Dodging
 + Level 3.8 Stealth
 + Level 3.6 Spellcasting
 + Level 3.6 Conjurations
 + Level 3.6 Hexes
 + Level 3.6 Summonings
 + Level 3.6 Necromancy
 + Level 3.6 Translocations
 + Level 3.6 Transmutations
 + Level 3.6 Fire Magic
 + Level 3.6 Ice Magic
 + Level 3.6 Air Magic
 + Level 3.6 Earth Magic
 + Level 3.6 Poison Magic


You knew the following spells:

 Your Spells              Type           Power      Damage    Failure   Level
a - Foxfire               Conj/Fire      76%        2x1d7     2%          1
b - Scorch                Fire           38%        2d6       4%          2
c - Volatile Blastmotes   Fire/Tloc      38%        2d13      8%          3
d - Inner Flame           Hex/Fire       19%        N/A       8%          3
e - Flame Wave            Conj/Fire      19%        2d7       26%         4
f - Necrotise             Necr           76%        1d7       2%          1
g - Static Discharge      Conj/Air       38%        2-4/arc   4%          2
h - Call Imp              Summ           38%        N/A       4%          2
Your spell library was empty.

Dungeon Overview and Level Annotations

Branches:
Dungeon (4/15)              Sewer (visited)
 Temple: D:4-7

Altars:


Innate Abilities, Weirdness & Mutations

You are immune to sickness and miasma.
You are immune to poison.
Your flesh is very heat resistant. (rF++)
You are vulnerable to cold. (rC-)
You float through the air rather than walking.
You learn spells naturally, not from books.
Your magical power is your life essence.
You have superior vitality. (+4 MHP)
Your mind is acute. (Int +4, Str/Dex -1)
You are clumsy. (Dex -2)
Your muscles are strong. (Str +4, Int/Dex -1)


Message History

Your attacks no longer feel as feeble.
There is a stone staircase leading down here.
The gnoll hits you with a +0 flail. The kobold hits you with a +0 whip.
You see here a +0 club.
The gnoll closely misses you. The kobold hits you with a +0 whip.
* * * LOW HITPOINT WARNING * * *
Okay, then.
Unknown command.
The kobold attacks as you move away! The kobold hits you with a +0 whip.
* * * LOW HITPOINT WARNING * * *
The gnoll hits you with a +0 whip!
* * * LOW HITPOINT WARNING * * *
The gnoll attacks as you move away! The gnoll hits you with a +0 whip.
* * * LOW HITPOINT WARNING * * *
You feel much better. The gnoll hits you with a +0 whip!
The gnoll barely misses you. The gnoll attacks as you move away!
The gnoll hits you with a +0 whip. The gnoll attacks as you move away!
The gnoll hits you but does no damage. x2
The gnoll misses you. The gnoll attacks as you move away!
The gnoll barely misses you. The gnoll hits you with a +0 whip.
* * * LOW HITPOINT WARNING * * *
There is an escape hatch in the ceiling here.
The gnoll hits you with a +0 flail!
* * * LOW HITPOINT WARNING * * *
A mysterious force pulls you upwards. The hatch slams shut behind you.
Casting: Foxfire (safe; 2% risk of failure)
Confirm with . or Enter, or press ? or * to list all spells.
Flames lash the gnoll.
The gnoll is heavily wounded.
The gnoll's fire resistance burns away.
* * * LOW HITPOINT WARNING * * *
The gnoll closely misses you.
Casting: Scorch (safe; 4% risk of failure)
Confirm with . or Enter, or press ? or * to list all spells.
Flames lash the gnoll.
The gnoll is burned terribly!
The gnoll is almost dead.
* * * LOW HITPOINT WARNING * * *
The gnoll is no longer moving quickly.
The gnoll hits you with a +0 flail.
You die...

~≈≈._.~≈≈~..### ~≈~.♣♣†≈~~~.#
≈≈~≈~≈~≈≈...########### #####
~≈≈~~~†≈~...[.........# #....
≈~~≈≈~≈~~.............# #....
≈≈.~~~~..≈~...........# #....
..†...~.~.............# #....
#....########################....
#>..............@g...............
#.#####.####.################.###
#.# #.# #.# ######.# #.# #.#
#.###########.÷..#.# #.# #.#
#.................)#
#.#####.################......#
#.........# #.............###
######....# #.##########.#...
#....# #................


You could see a gnoll (combustible).

Vanquished Creatures
  A water moccasin (Sewer)
  An ogre (D:2)
  A hound (D:4)
  An orc priest (D:3)
  3 gnolls
  A river rat (D:4)
  3 adders
  A worm (D:4)
  2 orcs (D:3)
  7 ball pythons
  5 endoplasms
  2 giant cockroaches
  6 goblins
  9 hobgoblins
  A jackal (Sewer)
  4 quokkas
  4 bats
  6 frilled lizards
  2 kobolds
  6 rats
66 creatures vanquished.

Vanquished Creatures (collateral kills)
  A ball python (D:1)
  A goblin (D:4)
2 creatures vanquished.

Vanquished Creatures (others)
  135 foxfires
135 creatures vanquished.

Grand Total: 203 creatures vanquished

Notes
Turn   | Place    | Note
-------+----------+-------------------------------------------
     0 | D:1      | jlumianski the Djinni Fire Elementalist began the quest for
                  | the Orb.
     0 | D:1      | jlumianski set off with the following spells memorised:
                  | Foxfire, Scorch, Volatile Blastmotes, Inner Flame, Flame
                  | Wave.
     0 | D:1      | Reached XP level 1. HP: 15/15 MP: 0/0
    81 | D:1      | Reached XP level 2. HP: 20/21 MP: 0/0
   389 | D:1      | Reached skill level 3 in Dodging
   389 | D:1      | Reached XP level 3. HP: 23/25 MP: 0/0
   389 | D:1      | Learned a level 1 spell: Necrotise
   601 | D:1      | Found a faded altar of an unknown god.
  1004 | D:3      | Reached XP level 4. HP: 29/31 MP: 0/0
  1029 | D:4      | Noticed an ogre
  1053 | D:2      | Killed an ogre
  1054 | D:2      | Reached XP level 5. HP: 13/35 MP: 0/0
  1054 | D:2      | Learned a level 2 spell: Static Discharge
  1315 | D:4      | Reached skill level 4 in Dodging
  1347 | D:4      | Found a glowing drain.
  1354 | Sewer    | Entered a sewer
  1412 | Sewer    | Noticed a water moccasin
  1414 | Sewer    | Gained mutation: You are frail. (-10% HP) [potion of
                  | mutation]
  1414 | Sewer    | Gained mutation: Your muscles are strong. (Str +4, Int/Dex
                  | -1) [potion of mutation]
  1414 | Sewer    | Gained mutation: You sometimes lose your temper in combat.
                  | [potion of mutation]
  1415 | Sewer    | Lost mutation: Your muscles are strong. (Str +4, Int/Dex
                  | -1) [potion of mutation]
  1415 | Sewer    | Lost mutation: You are frail. (-10% HP) [potion of
                  | mutation]
  1415 | Sewer    | Lost mutation: You sometimes lose your temper in combat.
                  | [potion of mutation]
  1415 | Sewer    | Gained mutation: Your mind is acute. (Int +4, Str/Dex -1)
                  | [potion of mutation]
  1415 | Sewer    | Gained mutation: You are clumsy. (Dex -2) [potion of
                  | mutation]
  1415 | Sewer    | Gained mutation: Your muscles are strong. (Str +4, Int/Dex
                  | -1) [potion of mutation]
  1420 | Sewer    | Killed a water moccasin
  1421 | Sewer    | Reached skill level 1 in Fighting
  1421 | Sewer    | Reached XP level 6. HP: 38/42 MP: 0/0
  2179 | D:2      | Reached XP level 7. HP: 47/47 MP: 0/0
  2179 | D:2      | Learned a level 2 spell: Call Imp
  2294 | D:2      | You are sucked into a shaft and drop 1 floor!
  3031 | D:2      | HP: 2/47 [gnoll/+0 whip (3)]
  3041 | D:1      | Slain by a gnoll

Illustrated notes

Levels and vault maps discovered:
D:1:      psy_arrival_fountain, layout_basic, chequers_ecumenical_altar_island
D:2:      layout_basic
D:3:      layout_basic
D:4:      layout_rooms, cheibrodos_sewer_entry_sluice, minmay_ogre_servants

Skill      XL: |  1  2  3  4  5 |
---------------+----------------+-----
Spellcasting   | |  3.6
Conjurations   | |  3.6
Hexes          | |  3.6
Summonings     | |  3.6
Necromancy     | |  3.6
Translocations | |  3.6
Transmutations | |  3.6
Fire Magic     | |  3.6
Ice Magic      | |  3.6
Air Magic      | |  3.6
Earth Magic    | |  3.6
Poison Magic   | |  3.6
Stealth        | 2 3 |  3.8
Dodging        | 3 4 |  4.8
Fighting       | 1 |  1.3
Short Blades   | |  0.7

Action                     |  1- 3 |  4- 6 |  7- 9 || total
---------------------------+-------+-------+-------++-------
  Melee: Unarmed           |     1 |       |       ||     1
         Dagger            |    11 |     7 |       ||    18
         Rapier            |       |     9 |     2 ||    11
         Punch             |       |     1 |       ||     1
   Cast: Foxfire           |    37 |    31 |     6 ||    74
         Scorch            |     3 |     9 |     3 ||    15
         Necrotise         |     5 |     7 |       ||    12
         Inner Flame       |     1 |     2 |       ||     3
    Use: Potion            |       |     4 |     2 ||     6
         Scroll            |       |       |     7 ||     7
   Stab: Sleeping          |     1 |     1 |       ||     2
 Armour: Robe              |     5 |     8 |     5 ||    18
         Skin              |       |     4 |       ||     4
  Dodge: Dodged            |    16 |    21 |    19 ||    56

Table legend: (Time is in decaauts)
 A = Elapsed time spent in this place.
 B = Non-inter-level travel time spent in this place.
 C = Inter-level travel time spent in this place.
 D = Time resting spent in this place.
 E = Time spent auto-exploring this place.
 F = Levels seen in this place.
 G = Mean time per level.
                   A        B        C        D        E       F      G
               +--------+--------+--------+--------+--------+-----+--------+
         Total |   3044 |   2981 |     63 |    127 |   1982 |   5 |  608.8 |
       Dungeon |   2862 |   2799 |     63 |     62 |   1925 |   4 |  715.5 |
         Sewer |    182 |    182 |      0 |     65 |     57 |   1 |  182.0 |
               +--------+--------+--------+--------+--------+-----+--------+

Top non-repeatable levels by time:
     D:2: 1203 daAuts
     D:3: 784 daAuts
     D:1: 749 daAuts
   Sewer: 182 daAuts
     D:4: 126 daAuts
